 Dungeon Crawl Stone Soup version 0.20.1-1-g8b1a95d (webtiles) character file.

486 vomix the Cleaver (level 6, 0/51 HPs)
             Began as a Minotaur Berserker on Aug 27, 2017.
             Was a Believer of Trog.
             Slain by Menkaure (16 damage)
             ... on level 4 of the Dungeon.
             The game lasted 00:05:49 (3442 turns).

vomix the Cleaver (Minotaur Berserker)              Turns: 3442, Time: 00:05:50

Health: 0/51       AC:  7    Str: 21    XL:     6   Next: 89%
Magic:  5/5        EV:  8    Int:  4    God:    Trog [**....]
Gold:   213        SH:  0    Dex: 12    Spells: 5/5 levels left

rFire    x . .     SeeInvis .   s - +1 hand axe (elec)
rCold    + . .     Gourm    .   (no shield)
rNeg     . . .     Faith    .   i - +0 chain mail
rPois    .         Spirit   .   (helmet restricted)
rElec    .         Reflect  .   (no cloak)
rCorr    .         Harm     .   o - +0 pair of gloves
MR       .....                  (no boots)
Stlth    ..........             (no amulet)
Regen    0.2/turn               h - ring of ice
MPRegen  0.1/turn               k - -2 ring of protection (curse)

@: no status effects
A: retaliatory headbutt, horns 2
a: Berserk, Trog's Hand, Burn Spellbooks, Renounce Religion


You were on level 4 of the Dungeon.
You worshipped Trog.
Trog was pleased with you.
You were not hungry.

You visited 1 branch of the dungeon, and saw 4 of its levels.

You collected 213 gold pieces.

Inventory:

Hand Weapons
 s - a +1 hand axe of electrocution (weapon)
Armour
 i - a +0 chain mail (worn)
 o - a +0 pair of gloves (worn)
Jewellery
 h - a ring of ice (left hand)
 k - a cursed -2 ring of protection (right hand)
 B - a cursed -3 ring of dexterity {unknown}
Wands
 y - a wand of iceblast (8/15)
Scrolls
 a - a scroll of enchant armour {unknown}
 b - 4 scrolls of enchant weapon {unknown}
 d - 2 scrolls of remove curse {unknown}
 e - 2 scrolls of fog {unknown}
 j - a scroll of magic mapping {unknown}
 l - a scroll of random uselessness {unknown}
 r - a scroll of blinking {unknown}
 t - 2 scrolls of identify {unknown}
Potions
 m - 3 potions of flight {unknown}
 p - a potion of lignification {unknown}
 q - 2 potions of agility {unknown}
 u - 2 potions of might {unknown}
 w - 3 potions of haste {unknown}
 x - 2 potions of magic {unknown}
 z - 2 potions of mutation {unknown}
 A - a potion of degeneration {unknown}
Books
 C - a book of Callings

   Spells                             Type                      Level
   a - Summon Small Mammal            Summoning                    1
   b - Call Imp                       Summoning                    2
   c - Call Canine Familiar           Summoning                    3
   d - Summon Guardian Golem          Hexes/Summoning              3
   e - Summon Lightning Spire         Summoning/Air                4
   f - Summon Ice Beast               Ice/Summoning                4
   Trog disapproves of the use of such an item.
Comestibles
 c - 2 bread rations
 f - 4 royal jellies
 g - 2 fruits
 n - 2 meat rations
 v - 4 chunks of flesh


   Skills:
 - Level 3.6 Fighting
 + Level 9.4 Axes
 - Level 2.4 Armour
 - Level 2.1 Dodging


You had 5 spell levels left.
You didn't know any spells.

Dungeon Overview and Level Annotations

Branches:
Dungeon (4/15)
 Temple: D:4-7

Altars:
Cheibriados
Nemelex Xobeh

Shops:
D:4 [

Annotations:
D:4 Menkaure


Innate Abilities, Weirdness & Mutations

You reflexively headbutt those who attack you in melee.
You have a pair of horns on your head.


Message History

You hit Edmund but do no damage. Your headbutt misses Edmund.
Edmund is almost dead.
Edmund clears his throat.
Edmund closely misses you.
An adder skeleton comes into view.
You hit Edmund.
You kill Edmund!
Trog accepts your kill.
Things that are here:
a dire flail of crushing; a ring mail You hit Menkaure but do no damage.
Menkaure barely misses you. You furiously retaliate!
You headbutt Menkaure. You hit Menkaure. You headbutt Menkaure.
Menkaure is heavily damaged.
Menkaure hits you!
* * * LOW HITPOINT WARNING * * *
You hit Menkaure but do no damage.
Menkaure is heavily damaged.
Menkaure hits you!
You die...

#.'<....##### #.#.....#
#.####### ##.#.....#
#........ .#.#.....#####
#...(.... .#.......#...
.........
.###.....#.#####.......?
.)...........#....Z.....
..##.....#.#.#.#M.......
..##.....#.#+#.#@####
..##.....#..........#
..##.<...#..........#
..##.....#..........#
..######.#..........#
..# #.#....%..####
..######.#########
......##.#
......##.#####


You could see Menkaure and an adder skeleton.

Vanquished Creatures
  Eustachio (D:4)
  Edmund (D:4)
  A phantom (D:4)
  An orc priest (D:4)
  An orc wizard (D:4)
  Jessica (D:2)
  A worker ant (D:4)
  2 adders
  2 oozes
  3 worms (D:2)
  3 dart slugs
  A leopard gecko (D:1)
  2 orcs (D:4)
  A ball python (D:2)
  7 bats
  3 giant cockroaches
  5 goblins
  6 hobgoblins
  8 kobolds
  A quokka (D:2)
  2 frilled lizards
  6 rats
  A plant (D:2)
60 creatures vanquished.

Notes
Turn   | Place    | Note
-------+----------+-------------------------------------------
     0 | D:1      | vomix the Minotaur Berserker began the quest for the Orb.
     0 | D:1      | Reached XP level 1. HP: 19/19 MP: 0/0
    46 | D:1      | Reached skill level 4 in Axes
   269 | D:1      | Reached XP level 2. HP: 26/26 MP: 1/1
   708 | D:1      | Reached skill level 5 in Axes
   893 | D:2      | Reached XP level 3. HP: 31/31 MP: 2/2
   933 | D:2      | Noticed Jessica
   939 | D:2      | Killed Jessica
   961 | D:2      | Reached ** piety under Trog
  1039 | D:2      | Reached XP level 4. HP: 39/39 MP: 3/3
  1058 | D:2      | Reached skill level 6 in Axes
  1585 | D:2      | Found a faded altar of an unknown god.
  1810 | D:2      | Found a snail-covered altar of Cheibriados.
  2681 | D:3      | Found a sparkling altar of Nemelex Xobeh.
  3034 | D:4      | Found Ygiucim's Antique Armour Shoppe.
  3037 | D:4      | Noticed a phantom
  3043 | D:4      | Killed a phantom
  3043 | D:4      | Reached skill level 7 in Axes
  3043 | D:4      | Reached XP level 5. HP: 43/45 MP: 4/4
  3189 | D:4      | Noticed Eustachio
  3199 | D:4      | Killed Eustachio
  3199 | D:4      | Reached skill level 8 in Axes
  3199 | D:4      | Reached XP level 6. HP: 45/51 MP: 5/5
  3403 | D:4      | Reached skill level 9 in Axes
  3432 | D:4      | Noticed Edmund
  3434 | D:4      | Noticed Menkaure
  3438 | D:4      | Killed Edmund
  3442 | D:4      | Slain by Menkaure

Skill      XL: |  1  2  3  4  5  6 |
---------------+-------------------+-----
Axes           | 4 5 7 8 9 |  9.4
Fighting       | |  3.6
Armour         | |  2.4
Dodging        | |  2.1

Action                   |  1- 3 |  4- 6 || total
-------------------------+-------+-------++-------
Melee: Hand axe          |    85 |    91 ||   176
       Headbutt          |    23 |    20 ||    43
  Eat: Chunk             |       |     8 ||     8
Armor: Chain mail        |    23 |    41 ||    64
       Animal skin       |     1 |       ||     1
Dodge: Dodged            |    24 |    44 ||    68
